 Dungeon Crawl Stone Soup version 0.25.1-2-g60ff931df9 (webtiles) character file.

Game seed: 14080229054918406352

126 user1234 the Chopper (level 5, -5/46 HPs)
             Began as a Hill Orc Fighter on Oct 21, 2020.
             Killed by divine providence
             ... invoked by an orc priest
              (10 damage)
             ... on level 3 of the Dungeon.
             The game lasted 00:05:16 (2343 turns).

user1234 the Chopper (Hill Orc Fighter)             Turns: 2343, Time: 00:05:16

Health: -5/46      AC: 13    Str: 20    XL:     5   Next: 9%
Magic:  5/5        EV:  8    Int:  8    God:
Gold:   104        SH:  9    Dex: 10    Spells: 4/4 levels left

rFire    . . .     SeeInvis .   a - +0 war axe
rCold    . . .     Gourm    .   c - +0 kite shield
rNeg     . . .     Faith    .   b - +0 scale mail
rPois    .         Spirit   .   (no helmet)
rElec    .         Reflect  .   k - +2 cloak
rCorr    .         Harm     .   (no gloves)
MR       .....                  g - +2 pair of boots
Stlth    ..........             (no amulet)
HPRegen  0.15/turn              (no ring)
MPRegen  0.09/turn              (no ring)

@: no status effects
A: no striking features
a: Convert to Beogh


You were on level 3 of the Dungeon.
You were not hungry.

You visited 1 branch of the dungeon, and saw 3 of its levels.

You collected 104 gold pieces.

Inventory:

Hand Weapons
 a - a +0 war axe (weapon)
Missiles
 e - 10 poisoned darts (quivered)
 h - 116 stones
 s - 10 boomerangs
Armour
 b - a +0 scale mail (worn)
 c - a +0 kite shield (worn)
 g - a +2 pair of boots (worn)
 k - a +2 cloak (worn)
Scrolls
 j - 2 scrolls of remove curse {unknown}
 m - 2 scrolls of fear
 o - a scroll of immolation {unknown}
 p - a scroll of teleportation {unknown}
Potions
 d - a potion of might
 i - a potion of stabbing {unknown}
 l - 2 potions of brilliance
 n - a potion of berserk rage {unknown}
 q - 2 potions of curing
 r - a potion of haste {unknown}
Comestibles
 f - 5 rations
 t - 3 chunks of flesh


   Skills:
 + Level 4.2 Fighting
 + Level 4.3 Axes
 + Level 3.9 Armour
 + Level 1.1 Dodging
 + Level 0.1 Stealth
 + Level 4.1 Shields


You had 4 spell levels left.
You didn't know any spells.
Your spell library was empty.

Dungeon Overview and Level Annotations

Branches:
Dungeon (3/15)

Altars:
Dithmenos
Wu Jian


Message History

Your shield prevents you from hitting the orc priest.
Cornered, the orc priest turns to fight!
A rat comes into view.
The orc priest shouts, "Beogh is our master!
Accept the truth or die!"
The orc priest closely misses you.
There is an open door here.
Items here: )) [[ † a +0 flail; a +0 scale mail; a +0 club; a +0 ring mail; an orc corpse The orc priest invokes the aid of Beogh against you.
Pain shoots through your body!
* * * LOW HITPOINT WARNING * * *
You block the adder's attack. The adder bites you but does no damage.
Okay, then.
You block the adder's attack.
Things that are here:
a +0 club; a goblin skeleton The orc priest invokes the aid of Beogh against you.
Beogh smites you!
You die...

#.#...# #.......... #.#####
#)#...# #..#######.# #.....#
##.#...###..# ### #.###.....#
..>)...ro.r.#######.........#.#
####...####.'.._..+.##......#.#
##### #o###.###.##....# #.# #.#
#.# #.#.....# #.##
#r###'###.......# #.<
#.o.S)@.......#.# #.#
####.......##.#.###.###
##########..........
###..##.### #........ #...#.###
#.#)#.# #.#.#.# #.#.#.#


You could see an orc priest, an adder and a rat.

Vanquished Creatures
  A worker ant (D:2)
  3 adders (D:2)
  An adder zombie (D:2)
  5 worms
  A dart slug (D:1)
  3 orcs (D:3)
  2 ball pythons (D:2)
  5 bats
  A bat zombie (D:2)
  3 giant cockroaches
  9 goblins
  3 hobgoblins
  2 frilled lizards
  A jackal skeleton (D:2)
  7 kobolds
  A leopard gecko skeleton (D:2)
  6 rats
54 creatures vanquished.

Notes
Turn   | Place    | Note
-------+----------+-------------------------------------------
     0 | D:1      | user1234 the Hill Orc Fighter began the quest for the Orb.
     0 | D:1      | Reached XP level 1. HP: 19/19 MP: 1/1
   357 | D:1      | Reached XP level 2. HP: 27/27 MP: 2/2
   853 | D:2      | Reached XP level 3. HP: 33/33 MP: 3/3
  1003 | D:2      | Reached XP level 4. HP: 17/40 MP: 4/4
  1030 | D:2      | HP: 2/40 [poisoned by a worker ant]
  1038 | D:2      | HP: 1/40 [poisoned by a worker ant]
  1442 | D:2      | Reached skill level 1 in Dodging
  1612 | D:2      | Found a shadowy altar of Dithmenos.
  2163 | D:3      | Reached XP level 5. HP: 43/46 MP: 5/5
  2287 | D:3      | Found an ornate altar of the Wu Jian Council.
  2343 | D:3      | Killed from afar by an orc priest

Illustrated notes

Levels and vault maps discovered:
D:1:      dpeg_arrival_snail, layout_basic
D:2:      layout_rooms, nicolae_dithmenos_through_a_glass_darkly, serial_undead,
          serial_undead_b, serial_undead_c, serial_undead_c, serial_undead_b
D:3:      layout_basic, lemuel_doored_altar, okawaru_gym_becter,
          uniq_crazy_yiuf_cottage

Skill      XL: |  1  2  3  4 |
---------------+-------------+-----
Axes           | 3 4 |  4.3
Fighting       | 4 |  4.2
Dodging        | 1 |  1.1
Shields        | 4 |  4.1
Armour         | |  3.9
Stealth        | |  0.1

Action                   |  1- 3 |  4- 6 || total
-------------------------+-------+-------++-------
Melee: War axe           |    94 |    88 ||   182
  Use: Scroll            |       |     5 ||     5
  Eat: Chunk             |       |     5 ||     5
Armor: Scale mail        |    48 |    51 ||    99
Dodge: Dodged            |    44 |    26 ||    70
Block: Kite shield       |    66 |    53 ||   119
